 Dungeon Crawl Stone Soup version 0.30-a0-23-ge60ba3568b (webtiles) character file.

Game seed: 17874297630942978740

150784 Pooter the Severer (level 16, -1/147 HPs)
             Began as a Minotaur Berserker on Aug 23, 2022.
             Was a High Priest of Trog.
             Shot with an arrow by a deep elf archer (7 damage)
             ... on level 1 of the Elven Halls on Aug 24, 2022.
             The game lasted 02:37:09 (36610 turns).

Pooter the Severer (Minotaur Berserker)            Turns: 36610, Time: 02:37:10

Health: -1/147     AC: 26    Str: 25    XL:     16   Next: 99%
Magic:  15/15      EV:  9    Int:  5    God:    Trog [*****.]
Gold:   470        SH:  5    Dex: 14    Spells: 15/15 levels left

rFire   + + .      SeeInvis +    a - +9 battleaxe (protect)
rCold   + . .      Faith    .    (shield currently unavailable)
rNeg    . . .      Spirit   .    H - +3 plate armour
rPois   .          Reflect  +    (helmet restricted)
rElec   .          Harm     .    u - +2 cloak of the Onion {rF+ SInv}
rCorr   .          Rampage  .    Y - +0 pair of gloves "Ruuf" {Contam +Inv Will+++ Dex-2}
Will    +++++                    w - +0 pair of boots
Stlth   ..........               p - amulet of reflection
HPRegen 1.34/turn                F - ring of protection from fire
MPRegen 0.14/turn                I - ring of protection from cold

@: strong-willed, on berserk cooldown, regenerating, slowed, invisible, very
slow
A: horns 2, retaliatory headbutt, hooves 1, iridescent scales 1, agile 1
a: Renounce Religion, Evoke Invisibility, Berserk, Trog's Hand, Brothers in Arms


You were on level 1 of the Elven Halls.
You worshipped Trog.
Trog was extremely pleased with you.
You visited 4 branches of the dungeon, and saw 23 of its levels.

You collected 2318 gold pieces.
You spent 1848 gold pieces at shops.

Inventory:

Hand Weapons
 a - a +9 battleaxe of protection (weapon)
   (You took it off a wight on level 8 of the Dungeon)
 b - a +1 arbalest of freezing
   (You bought it in a shop on level 2 of the Orcish Mines)
 D - a +0 war axe
   (You found it on level 8 of the Dungeon)
 G - the +11 flail "Ymoa" {protect, Dex+2}
   (You found it on level 12 of the Dungeon)

   It grants its wielder temporary protection when it strikes (+7 to AC).
   Dex:       It affects your dexterity (+2).
 W - a +5 battleaxe of electrocution
   (You found it on level 12 of the Dungeon)
Missiles
 r - 15 boomerangs (quivered)
 v - 15 javelins
 z - 28 poisoned darts
 K - 3 boomerangs of dispersal {!f}
 N - 6 datura-tipped darts
 Q - 6 atropa-tipped darts
Armour
 u - the +2 cloak of the Onion (worn) {rF+ SInv}
   (You found it on level 14 of the Dungeon)

   rF:        It protects you from fire.
   SInv:      It lets you see invisible.
 w - a +0 pair of boots (worn)
   (You found it on level 12 of the Dungeon)
 H - a +3 plate armour (worn)
   (You took it off an orc warrior on level 8 of the Dungeon)
 R - a scarf of harm
   (You found it on level 3 of the Lair of Beasts)
 Y - the +0 pair of gloves "Ruuf" (worn) {Contam +Inv Will+++ Dex-2}
   (You found it on level 12 of the Dungeon)

   Dex:       It affects your dexterity (-2).
   +Inv:      It lets you turn invisible.
   Contam:    It causes magical contamination when unequipped.
   Will:      It greatly increases your willpower.
Jewellery
 p - an amulet of reflection (around neck)
   (You found it on level 6 of the Dungeon)
 C - a ring of resist corrosion
   (You found it on level 8 of the Dungeon)
 F - a ring of protection from fire (left hand)
   (You found it on level 3 of the Dungeon)
 I - a ring of protection from cold (right hand)
   (You found it on level 12 of the Dungeon)
 P - an amulet of regeneration
   (You found it on level 3 of the Lair of Beasts)
 S - a ring of see invisible
   (You bought it in a shop on level 2 of the Orcish Mines)
Wands
 d - a wand of iceblast (19)
   (You found it on level 8 of the Dungeon)
 f - a wand of flame (29)
   (You found it on level 3 of the Dungeon)
 x - a wand of quicksilver (9)
   (You found it on level 8 of the Dungeon)
 U - a wand of mindburst (4)
   (You found it on level 3 of the Lair of Beasts)
Scrolls
 h - 2 scrolls of torment {!r}
 k - 4 scrolls of vulnerability {!r}
 n - a scroll of silence
 o - 2 scrolls of summoning
 s - 3 scrolls of magic mapping
 t - 7 scrolls of teleportation {@r4}
 y - 4 scrolls of fear
 E - 4 scrolls of noise {!r}
 L - 5 scrolls of poison {!r}
 M - 3 scrolls of immolation {!r}
 X - 2 scrolls of fog
Potions
 e - 7 potions of curing {@q1}
 g - 5 potions of lignification {!q}
 j - 5 potions of mutation {!q}
 l - 2 potions of heal wounds {@q2}
 m - 2 potions of cancellation
 q - 4 potions of flight
 A - a potion of attraction {!q}
 B - a potion of invisibility
 O - 5 potions of might
 T - a potion of resistance
 V - 2 potions of haste {@q3}
 Z - a potion of ambrosia
Miscellaneous
 c - a tin of tremorstones (inert)
   (You bought it in a shop on level 2 of the Orcish Mines)
 J - a condenser vane
   (You bought it in a shop on level 2 of the Orcish Mines)


   Skills:
 + Level 14.9 Fighting
 - Level 20.0 Axes
 - Level 16.0 Ranged Weapons
 + Level 6.1 Throwing
 + Level 10.2 Armour
 + Level 4.4 Dodging
 + Level 2.9 Stealth
 + Level 10.8 Evocations


You had 15 spell levels left.
You didn't know any spells.
Your spell library was empty.

Dungeon Overview and Level Annotations

Branches:
Dungeon (15/15)            Temple (0/1) D:4            Lair (5/5) D:10
 Shoals (0/4) Lair:3        Snake (0/4) Lair:3        Slime (0/5) Lair:4
    Orc (2/2) D:9             Elf (1/3) Orc:2        Vaults (0/5) D:14
 Depths (0/4) D:15

Altars:
Ashenzari
Cheibriados
Elyvilon
Kikubaaqudgha
Makhleb
Okawaru
Qazlal
Sif Muna
Xom
Zin

Shops:
D:10 *   D:11 *(=   Orc:2 [(=[*[(


Innate Abilities, Weirdness & Mutations

You have a pair of horns on your head.
You reflexively headbutt those who attack you in melee.
You have large cloven feet.
You are partially covered in iridescent scales. (AC +2)
You are agile. (Dex +4, Str/Int -1)


Message History

You see here an elf corpse.
You start resting.
The deep elf archer unwields a +0 short sword.
The deep elf archer wields a +0 shortbow.
The deep elf archer shoots an arrow.
The arrow hits you!!
* * * LOW HITPOINT WARNING * * *
You hear a shout!
Aim: a deep elf archer, wielding a +0 shortbow and wearing a +0 leather armour (lightly wounded, repelling missiles, chance to affect: 50%)
The deep elf archer resists with some effort.
The deep elf archer shoots an arrow.
The arrow hits you.
* * * LOW HITPOINT WARNING * * *
Your skin crawls.
You feel strong-willed.
The deep elf archer shoots an arrow.
The arrow barely misses you.
The deep elf archer shoots an arrow.
The arrow hits you!
* * * LOW HITPOINT WARNING * * *
You hear a shout! 2 deep elf zephyrmancers come into view.
The deep elf zephyrmancer shouts! x2
A +4 battleaxe of flaming comes into view.
The deep elf zephyrmancer gestures at you while chanting.
The bolt of lightning hits you!!
* * * LOW HITPOINT WARNING * * *
The deep elf archer mumbles some strange words.
The deep elf archer blinks!
The deep elf zephyrmancer casts a spell.
The deep elf zephyrmancer blinks!
A deep elf knight comes into view. It is wielding a +0 long sword.
The deep elf zephyrmancer mumbles some strange words.
The deep elf zephyrmancer blinks!
There is an open door, spattered with blood here.
You fade into invisibility!
The deep elf archer shoots an arrow.
You reflect the arrow off an invisible shield around you!
The arrow hits the deep elf archer!
The deep elf archer shoots an arrow.
The arrow hits you but does no damage.
The deep elf archer shoots an arrow.
The deep elf archer shoots an arrow.
The deep elf zephyrmancer casts a spell at you.
The bolt of lightning hits you!!
* * * LOW HITPOINT WARNING * * *
Things that are here:
a +0 dagger; an elf skeleton You feel much better.
The deep elf archer shoots an arrow.
Blink to where?
As you read the scroll of blinking, it crumbles to dust.
The deep elf archer shoots an arrow.
The arrow hits you!!
* * * LOW HITPOINT WARNING * * *
The deep elf archer shoots an arrow.
The arrow hits you!
You die...

####...####
##.........##
...........
....... ## ..
#...# ..# ...
#...# ...#
...###...###...##
.........)......#
.......@.)......+
.................#
#...###.))###[..##
#... #...# ...#
#...###...###.)^#
#.............##
##.....[.....##
##..ee§....##
####†..####


You could see a deep elf archer (repels missiles, unable to see you) and a deep
elf zephyrmancer (unable to see you).

Vanquished Creatures
  Rupert (D:14)
  An orc warlord (Orc:2)
  A very ugly thing (D:15)
  Nessos (D:14)
  The ghost of SensoryNuts the Severer, a journeyman HOFi (D:10)
  Josephine (D:14)
  A fire dragon (D:15)
  A rakshasa (D:15)
  9 hydras
  A great orb of eyes (D:15)
  4 boulder beetles
  4 vault guards (D:14)
  4 two-headed ogres
  A dancing weapon (Elf:1)
  5 centaur warriors
  13 death yaks
  5 tengu warriors
  4 orc high priests (Orc:2)
  Urug (D:12)
  A deep elf knight (Elf:1)
  5 skeletal warriors
  A death drake (shapeshifter) (D:15)
  2 deep elf archers (Elf:1)
  A lindwurm (shapeshifter) (D:13)
  A mana viper (shapeshifter) (D:13)
  7 deep elf pyromancers
  4 deep elf zephyrmancers
  6 orc knights
  21 ugly things
  6 cyclopes
  6 orc sorcerers
  9 elephants
  3 manticores
  2 guardian serpents (shapeshifter)
  7 black mambas
  14 cane toads
  2 rime drakes
  5 yaktaurs (D:15)
  11 komodo dragons
  An efreet (D:15)
  2 kobold demonologists
  8 trolls
  3 meliai (D:11)
  A polar bear (Lair:3)
  A wolf spider simulacrum (D:14)
  A wind drake (Lair:3)
  A hornet (D:11)
  3 tyrant leeches (Lair:5)
  22 slime creatures
  12 blink frogs (Lair:5)
  12 dream sheep
  6 wyverns
  Sigmund (D:5)
  2 shadows
  A vampire (D:14)
  4 wraiths
  26 yaks
  2 basilisks
  Eustachio (D:4)
  3 steam dragons
  10 vampire mosquitoes
  6 nagas (Lair:3)
  5 wargs
  2 acid dragons
  10 water moccasins
  Duvessa (D:4)
  2 sky beasts
  An ice beast (D:6)
  36 orc warriors
  5 boggarts (D:15)
  5 black bears
  14 ogres
  3 wolves (Lair:1)
  13 centaurs
  A phantom (D:3)
  2 kobold brigands
  25 bullfrogs
  A necrophage (D:5)
  A gnoll sergeant (D:11)
  7 wights
  Dowan (D:4)
  8 killer bees
  6 electric eels
  3 howler monkeys
  3 hounds
  15 jellies
  6 gnoll boudas
  23 orc priests
  2 iguanas
  Ijyb (D:3)
  40 orc wizards
  6 hell rats (Lair:3)
  21 gnolls
  9 adders
  2 shadow imps (D:7)
  2 ufetubi
  2 worms
  2 dart slugs (D:2)
  84 orcs
  5 endoplasms
  2 giant cockroaches
  9 goblins
  4 hobgoblins
  5 jackals
  2 quokkas (D:3)
  4 ball pythons
  A bat (D:3)
  2 frilled lizards
  13 kobolds
  3 rats
  A fungus (D:9)
723 creatures vanquished.

Vanquished Creatures (others)
  A bush (Lair:5)
  65 fungi
  114 plants
  2 withered plants (D:10)
182 creatures vanquished.

Grand Total: 905 creatures vanquished

Notes
Turn   | Place    | Note
-------+----------+-------------------------------------------
     0 | D:1      | Pooter the Minotaur Berserker began the quest for the Orb.
     0 | D:1      | Reached XP level 1. HP: 19/19 MP: 0/0
   227 | D:1      | Found a faded altar of an unknown god.
   262 | D:1      | Reached skill level 4 in Axes
   333 | D:1      | Reached XP level 2. HP: 24/27 MP: 1/1
  1182 | D:2      | Reached ** piety under Trog
  1232 | D:2      | Reached XP level 3. HP: 33/33 MP: 2/2
  1286 | D:2      | Reached skill level 5 in Axes
  1707 | D:2      | Reached XP level 4. HP: 41/41 MP: 3/3
  2403 | D:3      | Found a transporter.
  2492 | D:3      | Found a transporter.
  2508 | D:3      | Reached skill level 6 in Axes
  2627 | D:3      | Reached skill level 5 in Fighting
  2627 | D:3      | Reached XP level 5. HP: 21/48 MP: 4/4
  2882 | D:3      | Noticed a phantom
  2897 | D:3      | Killed a phantom
  2898 | D:3      | Reached skill level 7 in Axes
  2898 | D:3      | Reached XP level 6. HP: 56/56 MP: 5/5
  3133 | D:3      | Noticed Ijyb
  3140 | D:3      | Killed Ijyb
  3214 | D:3      | Found a snail-covered altar of Cheibriados.
  3694 | D:4      | Identified the +1 long sword of Pofaxtoe {vorpal, Str+4}
  3825 | D:4      | Noticed Duvessa
  3826 | D:4      | Noticed Dowan
  3835 | D:4      | Killed Duvessa
  3836 | D:4      | Reached skill level 1 in Throwing
  3836 | D:4      | Reached skill level 1 in Evocations
  3849 | D:4      | Killed Dowan
  3850 | D:4      | Reached XP level 7. HP: 20/63 MP: 6/6
  4143 | D:4      | Noticed Eustachio
  4156 | D:4      | Killed Eustachio
  4157 | D:4      | Reached skill level 8 in Axes
  4246 | D:4      | Found a staircase to the Ecumenical Temple.
  4452 | D:5      | Entered Level 5 of the Dungeon
  4614 | D:5      | Identified the +2 robe "Qarphas" {rF+ rN+}
  4889 | D:5      | Found a stormy altar of Qazlal.
  4900 | D:5      | Found a burning altar of Makhleb.
  5082 | D:5      | Noticed Sigmund
  5098 | D:5      | Killed Sigmund
  5341 | D:5      | Found a shimmering blue altar of Sif Muna.
  5344 | D:5      | Reached XP level 8. HP: 71/71 MP: 7/7
  5346 | D:5      | Reached skill level 9 in Axes
  6288 | D:6      | Reached skill level 10 in Axes
  6638 | D:6      | Reached skill level 1 in Ranged Weapons
  6853 | D:6      | Found an ancient bone altar of Kikubaaqudgha.
  7207 | D:7      | Reached XP level 9. HP: 71/80 MP: 8/8
  8271 | D:8      | Found a white marble altar of Elyvilon.
  8281 | D:8      | Reached skill level 11 in Axes
  9075 | D:9      | Reached skill level 5 in Ranged Weapons
  9088 | D:9      | Noticed a red ugly thing
  9094 | D:9      | Killed a red ugly thing
  9095 | D:9      | Reached XP level 10. HP: 76/90 MP: 9/9
  9326 | D:9      | Noticed an orange demon
  9520 | D:9      | Identified the +9 spear "Hosen" {vamp, Str+6}
  9610 | D:9      | Reached skill level 12 in Axes
  9744 | D:9      | Found a staircase to the Orcish Mines.
  9748 | Orc:1    | Entered Level 1 of the Orcish Mines
  9752 | Orc:1    | Noticed an orc knight
  9757 | D:9      | Reached skill level 5 in Evocations
 10446 | Orc:1    | Killed an orc knight
 10781 | Orc:1    | Noticed an orc knight
 10793 | Orc:1    | Killed an orc knight
 10794 | Orc:1    | Reached skill level 13 in Axes
 10917 | Orc:1    | Noticed an orc sorcerer
 10921 | Orc:1    | Killed an orc sorcerer
 10922 | Orc:1    | Reached XP level 11. HP: 99/99 MP: 10/10
 11130 | Orc:2    | Entered Level 2 of the Orcish Mines
 11130 | Orc:2    | Found Ramettos's Armour Emporium.
 11188 | Orc:2    | Found a staircase to the Elven Halls.
 11341 | Orc:2    | Found Synar's Armour Emporium.
 11456 | Orc:2    | Found Zeaga's Weapon Emporium.
 11501 | Orc:2    | Noticed an orc sorcerer
 11508 | Orc:2    | Killed an orc sorcerer
 11513 | Orc:2    | Noticed an orc high priest
 11517 | Orc:2    | Noticed an orc sorcerer
 11518 | Orc:2    | Noticed an orc high priest
 11518 | Orc:2    | Noticed an orc warlord
 11518 | Orc:2    | Noticed a soul eater
 11543 | Orc:2    | Noticed an orc knight
 11764 | Orc:2    | Noticed an orc sorcerer
 11774 | Orc:2    | Killed an orc sorcerer
 11775 | Orc:2    | Reached skill level 10 in Fighting
 11926 | Orc:2    | Noticed an orc high priest
 11930 | Orc:2    | Noticed a sixfirhy
 11936 | Orc:2    | Killed an orc high priest
 12292 | Orc:2    | Killed an orc sorcerer
 12461 | Orc:2    | Noticed an orc sorcerer
 12472 | Orc:2    | Killed an orc sorcerer
 12473 | Orc:2    | Reached skill level 14 in Axes
 12608 | Orc:2    | Reached *** piety under Trog
 12918 | Orc:2    | Killed an orc high priest
 12975 | Orc:2    | Killed an orc warlord
 13124 | Orc:2    | Noticed an orc knight
 13128 | Orc:2    | Killed an orc high priest
 13129 | Orc:2    | Reached skill level 10 in Ranged Weapons
 13198 | Orc:2    | Killed an orc knight
 13672 | Orc:2    | Killed an orc knight
 13673 | Orc:2    | Reached XP level 12. HP: 108/108 MP: 11/11
 15395 | Orc:2    | Noticed an orc high priest
 15409 | Orc:2    | Killed an orc high priest
 16951 | Orc:2    | Reached skill level 15 in Axes
 17186 | Orc:2    | Found Xabeam's General Store.
 17187 | Orc:2    | Found Cejekhley's Jewellery Emporium.
 17189 | Orc:2    | Found Tamodor's Antique Armour Emporium.
 17189 | Orc:2    | Found Liypocs's Antique Weapon Shoppe.
 17195 | Orc:2    | Bought a glowing arbalest for 277 gold pieces
 17206 | Orc:2    | Bought a condenser vane for 560 gold pieces
 17206 | Orc:2    | Bought a scroll of identify for 28 gold pieces
 17206 | Orc:2    | Bought a scroll of brand weapon for 133 gold pieces
 17206 | Orc:2    | Bought a scroll of identify for 28 gold pieces
 17211 | Orc:2    | Bought a ring of see invisible for 210 gold pieces
 17324 | D:9      | Noticed a two-headed ogre
 17331 | D:9      | Killed a two-headed ogre
 18298 | D:10     | Entered Level 10 of the Dungeon
 18305 | D:10     | Found Hezo Pataeny's General Store.
 18340 | D:10     | Bought a scroll of poison for 52 gold pieces
 18344 | D:10     | Found a runed translucent door.
 18345 | D:10     | Noticed SensoryNuts's ghost (journeyman HOFi)
 18380 | D:10     | Noticed a two-headed ogre
 18388 | D:10     | Killed a two-headed ogre
 18460 | D:10     | Killed SensoryNuts's ghost
 18590 | D:10     | Found a staircase to the Lair.
 18623 | D:10     | Found a shimmering altar of Xom.
 19086 | Lair:1   | Entered Level 1 of the Lair of Beasts
 19606 | Lair:1   | Reached skill level 16 in Axes
 20368 | Lair:2   | Reached XP level 13. HP: 98/117 MP: 12/12
 22071 | Lair:3   | Found a staircase to the Snake Pit.
 22074 | Lair:3   | Reached skill level 5 in Armour
 22190 | Lair:3   | Found a staircase to the Shoals.
 22561 | Lair:4   | Reached skill level 17 in Axes
 22764 | Lair:4   | Found a staircase to the Slime Pits.
 23277 | Lair:5   | Entered Level 5 of the Lair of Beasts
 23462 | Lair:5   | Reached XP level 14. HP: 127/127 MP: 13/13
 23476 | Lair:5   | Reached **** piety under Trog
 23689 | Orc:2    | Bought a tin of tremorstones (2/2) for 560 gold pieces
 28197 | Lair:5   | Reached skill level 18 in Axes
 28780 | D:11     | Found a broken altar of Ashenzari.
 28998 | D:11     | Found Ozar's Jewellery Shoppe.
 28998 | D:11     | Found Qedododgh's General Store.
 29001 | D:11     | Reached ***** piety under Trog
 29031 | D:11     | Found Votih's Weapon Shoppe.
 29032 | D:11     | Found Poheb's Antique Weapon Shoppe.
 29657 | D:12     | Gained mutation: You are agile. (Dex +4, Str/Int -1)
                  | [potion of mutation]
 29657 | D:12     | Gained mutation: You are partially covered in iridescent
                  | scales. (AC +2) [potion of mutation]
 29657 | D:12     | Gained mutation: You have large cloven feet. [potion of
                  | mutation]
 29789 | D:12     | Identified the +0 pair of gloves "Ruuf" {Contam +Inv
                  | Will+++ Dex-2}
 29879 | D:12     | Noticed Urug
 29889 | D:12     | Killed Urug
 30045 | D:12     | Found Ycu Kiergh's Fire Supplies.
 30124 | D:12     | Identified the +11 flail "Ymoa" {protect, Dex+2}
 30963 | D:13     | Reached skill level 15 in Ranged Weapons
 30963 | D:13     | Reached XP level 15. HP: 137/137 MP: 14/14
 31703 | D:14     | Noticed Josephine
 31711 | D:14     | Killed Josephine
 32296 | D:14     | Reached skill level 19 in Axes
 32296 | D:14     | Reached XP level 16. HP: 145/145 MP: 15/15
 32489 | D:14     | Reached skill level 10 in Evocations
 32684 | D:14     | Found a glowing silver altar of Zin.
 32761 | D:14     | Noticed Nessos
 32764 | D:14     | Killed Nessos
 32827 | D:14     | Received a gift from Trog
 32919 | D:14     | Noticed Rupert
 32930 | D:14     | Killed Rupert
 33345 | D:14     | Found a gate to the Vaults.
 33462 | D:14     | Reached skill level 20 in Axes
 33528 | D:13     | Reached skill level 5 in Throwing
 33622 | D:14     | Reached skill level 1 in Stealth
 33704 | D:14     | Identified the +2 cloak of the Onion {rF+ SInv}
 34013 | D:14     | You fall into a shaft and drop 1 floor!
 34013 | D:15     | Entered Level 15 of the Dungeon
 34215 | D:15     | Found an iron altar of Okawaru.
 35572 | D:15     | Found a staircase to the Depths.
 35581 | D:15     | Reached skill level 10 in Armour
 35849 | D:15     | Upgraded the game from 0.30-a0-12-gd8047c6341 to
                  | 0.30-a0-23-ge60ba3568b
 36077 | Elf:1    | Entered Level 1 of the Elven Halls
 36092 | Orc:2    | Received a gift from Trog
 36607 | Elf:1    | HP: 5/147 [deep elf zephyrmancer/bolt of lightning (18)]
 36610 | Elf:1    | Shot with an arrow by a deep elf archer

Illustrated notes

Levels and vault maps discovered:
D:1:      matt_arrival_grand_opening, layout_basic, basic_ecumenical_altar,
          minivault_24, grunt_decor_mini_mirrors, minmay_misc_feat_columns
D:2:      minmay_diamond_boxcup, layout_loops_corners, grunt_decor_clamped,
          chequers_serial_rivers_micro_e
D:3:      gammafunk_steamed_eel, layout_loops_corners,
          mainiacjoe_overflow_small_starburst, kennysheep_generic_room_14,
          uniq_ijyb
D:4:      layout_loops_ring, minmay_temple_entry_trees, uniq_eustachio,
          uniq_duvessa
D:5:      layout_loops_corners, kennysheep_orc_sif_temple,
          nicolae_overflow_squiral, uniq_sigmund
D:6:      layout_rooms, mainiacjoe_overflow_catwalk,
          hangedman_decor_peaks_small, palyth_stone_intersect,
          grunt_ministairs_10
D:7:      layout_basic
D:8:      layout_loops_ring, elyvilon_altar_5
D:9:      kennysheep_seaside_town, layout_loops_cross, orc_0_dummy,
          item_on_display_a
D:10:     layout_cave_pools, mainiacjoe_overflow_surrounded_room,
          due_lair_maze_entry_diamond, gammafunk_ghost_grave, serial_shops,
          nicolae_diamond_shop
D:11:     layout_roguey, minmay_misc_feat_four_crosses, minmay_shop_grid_forest,
          ashenzari_altar_1
D:12:     layout_loops_ring, drop_trap, serial_park_tiny_pond,
          nicolae_shop_fire_sale [nicolae_sub_dead_trees],
          minmay_misc_feat_pillars, uniq_urug
D:13:     layout_stronghold, hex_large
D:14:     layout_layer_cave, lightli_vaults_fourway_checkpoint,
          bh_walls_and_bars, zin_statuary, uniq_josephine, uniq_rupert,
          uniq_nessos
D:15:     gammafunk_enter_depths_forms, layout_cave_pools, serial_park_gazebo
          [serial_park_minivault_5x5_8], okawaru_ov_weapons_minmay
Lair:1:   layout_roguey, serial_bayou_shore_b, grunt_megastairs_4
Lair:2:   layout_gridlike
Lair:3:   layout_chaotic_city, minmay_shoals_entry_beasts,
          minmay_snake_entry_guardpost_large, st_stairs_4,
          infiniplex_staircase_pool_2, serial_bayou_shore_a,
          serial_bayou_shore_b
Lair:4:   layout_regular_city, minmay_slime_entry_jelly_boxes,
          lemuel_fruit_fields
Lair:5:   minmay_lair_end_frog_pond, layout_gridlike,
          chequers_serial_rivers_marsh
Orc:1:    layout_caves, mines4_lemuel
Orc:2:    st_orc_congregation, layout_diamond_mine, serial_shops, shop, shop,
          shop, mines1_david
Elf:1:    minmay_elf_arrival_circle, layout_loops_corners, serial_shops, shop,
          nicolae_elf_crossing_hall

Skill      XL: |  1  2  3  4  5  6  7  8  9 10 11 12 13 14 15 16 |
---------------+-------------------------------------------------+-----
Axes           | 4 5 6 7 8 10 11 13 14 16 17 18 19 20 | 20.0
Fighting       | 4 5 6 7 8 9 10 11 12 13 14 | 14.9
Throwing       | 1 2 4 6 |  6.1
Evocations     | 1 2 3 4 5 6 7 8 9 10 | 10.8
Ranged Weapons | 2 5 8 10 12 13 15 16 | 16.0
Armour         | 3 6 8 10 | 10.2
Stealth        | 2 |  2.9
Dodging        | 4 |  4.4

Action                   |  1- 3 |  4- 6 |  7- 9 | 10-12 | 13-15 | 16-18 || total
-------------------------+-------+-------+-------+-------+-------+-------++-------
Melee: Hand axe          |    65 |    22 |       |       |       |       ||    87
       Headbutt          |    10 |    12 |    21 |    73 |    91 |    61 ||   268
       Punch             |     2 |       |     1 |       |       |       ||     3
       Flail             |       |    37 |    39 |       |     2 |     3 ||    81
       Whip              |       |       |     4 |       |       |       ||     4
       Halberd           |       |       |    61 |       |       |       ||    61
       Battleaxe         |       |       |    99 |   435 |   400 |   221 ||  1155
       Shortbow          |       |       |       |     1 |       |       ||     1
       Spear             |       |       |       |       |     2 |       ||     2
 Fire: Shortbow          |       |       |    34 |   124 |       |       ||   158
       Arbalest          |       |       |       |    82 |   264 |   105 ||   451
Throw: Stone             |       |     8 |       |       |       |       ||     8
       Boomerang         |       |     4 |     9 |     8 |    14 |    10 ||    45
       Javelin           |       |     3 |       |     2 |       |       ||     5
       Dart              |       |       |       |       |    17 |       ||    17
Invok: Berserk           |     3 |     4 |    10 |    17 |     5 |     6 ||    45
       Trog's Hand       |       |     3 |    10 |    30 |    13 |    10 ||    66
Evoke: Wand              |       |     6 |     5 |    21 |    13 |     7 ||    52
       Tin of tremorston |       |       |       |       |       |     2 ||     2
       Condenser vane    |       |       |       |       |       |     1 ||     1
  Use: Scroll            |     4 |     5 |    10 |    14 |    12 |     2 ||    47
       Potion            |       |     1 |       |     5 |     2 |     2 ||    10
 Stab: Paralysed         |       |       |       |     5 |     7 |       ||    12
Armor: Animal skin       |     1 |       |       |       |       |       ||     1
       Ring mail         |    14 |     4 |       |       |       |       ||    18
       Leather armour    |       |    12 |     5 |       |       |       ||    17
       Chain mail        |       |       |    94 |       |       |       ||    94
       Plate armour      |       |       |     6 |   215 |   285 |   120 ||   626
Dodge: Dodged            |    33 |    34 |    76 |   121 |   151 |    71 ||   486
Block: Other             |       |       |    12 |    83 |    10 |    51 ||   156
       Reflection        |       |       |       |     2 |     2 |    13 ||    17

Table legend: (Time is in decaauts)
 A = Elapsed time spent in this place.
 B = Non-inter-level travel time spent in this place.
 C = Inter-level travel time spent in this place.
 D = Time resting spent in this place.
 E = Time spent auto-exploring this place.
 F = Levels seen in this place.
 G = Mean time per level.
                   A        B        C        D        E       F      G
               +--------+--------+--------+--------+--------+-----+--------+
         Total |  37192 |  35996 |   1196 |  15105 |  15431 |  23 | 1617.0 |
       Dungeon |  19980 |  19373 |    607 |   5470 |  10896 |  15 | 1332.0 |
          Lair |   9460 |   9079 |    381 |   4036 |   3907 |   5 | 1892.0 |
  Orcish Mines |   7533 |   7327 |    206 |   5455 |    626 |   2 | 3766.5 |
   Elven Halls |    219 |    219 |      0 |    143 |      2 |   1 |  219.0 |
               +--------+--------+--------+--------+--------+-----+--------+

Top non-repeatable levels by time:
   Orc:2: 6079 daAuts
  Lair:5: 4980 daAuts
     D:9: 2435 daAuts
    D:14: 2191 daAuts
    D:13: 1942 daAuts
     D:5: 1670 daAuts
    D:15: 1557 daAuts
   Orc:1: 1453 daAuts
  Lair:1: 1338 daAuts
     D:3: 1335 daAuts
     D:2: 1309 daAuts
  Lair:3: 1180 daAuts
  Lair:2: 1142 daAuts
     D:6: 1098 daAuts
     D:7: 1073 daAuts
